 Dungeon Crawl Stone Soup version 0.19-a0-1109-g16db51f (webtiles) character file.

1430 Jmtri7 the Cleaver (level 8, -2/62 HPs)
             Began as a Demigod Fighter on Aug 9, 2016.
             Slain by an orc
             ... wielding a +0 falchion
              (3 damage)
             ... on level 6 of the Dungeon.
             The game lasted 00:14:20 (5349 turns).

Jmtri7 the Cleaver (Demigod Fighter)                Turns: 5349, Time: 00:14:21

Health: -2/62      AC:  7    Str: 27    XL:     8   Next: 21%
Magic:  10/10      EV:  4    Int: 14    God:
Gold:   314        SH: 10    Dex: 14    Spells: 0 memorised, 7 levels left

rFire  + + .     SeeInvis .     a - +1 war axe
rCold  . . .     Gourm    .     D - +1 plate armour
rNeg   + . .     Faith    .     c - +0 shield
rPois  .         Spirit   .     (no helmet)
rElec  .         Dismiss  +     (no cloak)
rCorr  .         Reflect  .     (no gloves)
SustAt +         Harm     .     (no boots)
MR     .....                    G - amulet "Qyhiecru" {Dismiss rF++ rN+ Int+2 Dex-5}
Stlth  ..........               A - +4 ring of strength
                                t - +4 ring of dexterity

@:
A: deformed body, high mp 1, sustain attributes
a: no special abilities


You were on level 6 of the Dungeon.
You were not hungry.

You visited 1 branch of the dungeon, and saw 6 of its levels.
You also visited: Sewer.

You collected 314 gold pieces.

Inventory:

Hand Weapons
 a - a +1 war axe (weapon)
Armour
 c - a +0 shield (worn)
 D - a +1 plate armour (worn)
Jewellery
 e - an uncursed ring of flight
 t - a +4 ring of dexterity (left hand)
 u - a +2 amulet of reflection
 A - a +4 ring of strength (right hand)
 G - the amulet "Qyhiecru" (around neck) {Dismiss rF++ rN+ Int+2 Dex-5}
   (You found it on level 5 of the Dungeon)

   [amulet of dismissal]

   It may teleport away creatures that harm you.
   It affects your intelligence (+2).
   It affects your dexterity (-5).
   It greatly protects you from fire.
   It protects you from negative energy.
Wands
 g - a wand of slowing (23/48)
Scrolls
 i - 2 scrolls of fog
 l - a scroll of remove curse
 o - a scroll of magic mapping
 y - a scroll of blinking
 B - a scroll of fear
 F - 2 scrolls of teleportation
Potions
 b - 3 potions of berserk rage
 d - a potion of might
 h - 4 potions of curing
 j - 3 potions of lignification
 m - a potion of magic
 n - a potion of resistance {unknown}
 p - 2 potions of heal wounds {unknown}
 r - a potion of haste {unknown}
 s - 2 potions of invisibility {unknown}
 x - 7 potions of flight
 z - a potion of agility {unknown}
 C - a potion of brilliance {unknown}
 E - a potion of cure mutation {unknown}
 H - a potion of mutation {unknown}
Books
 q - a book of Clouds

   Spells                             Type                      Level
   a - Mephitic Cloud                 Conjuration/Poison/Air       3
   b - Conjure Flame                  Conjuration/Fire             3
   c - Poisonous Cloud                Conjuration/Poison/Air       6
   d - Freezing Cloud                 Conjuration/Ice/Air          6
   e - Ring of Flames                 Charms/Fire                  7
Comestibles
 f - 2 bread rations
 k - 2 meat rations
 v - a fruit
 w - 2 beef jerkies
 I - 7 chunks of flesh
 K - a mutagenic chunk of flesh


   Skills:
 - Level 2.6 Fighting
 + Level 9.8 Axes
 - Level 2.6 Armour
 - Level 2.6 Shields


You had 7 spell levels left.
You didn't know any spells.

Dungeon Overview and Level Annotations

Branches:
Dungeon (6/15)             Temple (0/1) D:5


Innate Abilities, Weirdness & Mutations

You have an increased reservoir of magic. (+10% MP)
Your attributes are resistant to harm.
Armour fits poorly on your strangely shaped body.


Message History

The orc warrior hits you with a short sword!
* * * LOW HITPOINT WARNING * * *
You hit the orc warrior.
The orc warrior is heavily wounded.
You block the orc warrior's attack.
You closely miss the orc warrior.
The orc warrior is heavily wounded.
The orc warrior hits you with a short sword!
* * * LOW HITPOINT WARNING * * *
The amulet "Qyhiecru" {Dismiss rF++ rN+ Int+2 Dex-5} vibrates suddenly!
The orc warrior disappears!
You block the orc's attack.
Things that are here:
a club; a runed leather armour; an orc corpse You barely miss the orc.
You block the orc's attack.
You barely miss the orc. The orc hits you with a falchion.
* * * LOW HITPOINT WARNING * * *
Your shield and plate armour prevent you from hitting the orc.
The orc hits you with a falchion.
You die...

############ #######
#..)@o...... #......
########(########## #.#####
#........# #.. #......
#........# #.#### #######
###........###.#<..# #
#............#...#.# #
#..........#.#.#...#.#.#######
#.........##..........).......
#......≈.......#.#...#.#######


You could see an orc.

Vanquished Creatures
  Duvessa (D:5)
  A sky beast (D:6)
  A necrophage (D:5)
  The ghost of TrogTrogTrog the Skirmisher, an amateur GrMo (D:3)
  A gnoll sergeant (D:5)
  Dowan (D:5)
  A howler monkey (D:4)
  4 crimson imps
  A quasit (D:5)
  2 giant frog skeletons
  A hound (D:6)
  An iguana (D:4)
  An orc wizard (D:4)
  3 orc priests
  Natasha (twice) (D:3)
  5 worker ants
  A killer bee zombie (D:5)
  7 gnolls
  11 adders
  5 oozes
  An adder zombie (D:5)
  7 worms
  3 dart slugs (D:1)
  4 giant geckos
  13 orcs
  3 ball pythons
  18 bats
  11 giant cockroaches
  8 goblins
  7 hobgoblins
  12 jackals
  2 quokkas
  A giant gecko skeleton (D:6)
  A giant gecko zombie (D:5)
  7 giant newts
  5 kobolds
  10 rats
164 creatures vanquished.

Notes
Turn   | Place    | Note
-------+----------+-------------------------------------------
     0 | D:1      | Jmtri7 the Demigod Fighter began the quest for the Orb.
     0 | D:1      | Reached XP level 1. HP: 18/18 MP: 3/3
    77 | D:1      | Reached skill level 2 in Axes
   170 | D:1      | Reached XP level 2. HP: 22/25 MP: 4/4
   474 | D:1      | Reached skill level 3 in Axes
   512 | D:1      | Reached XP level 3. HP: 30/30 MP: 5/5
   921 | D:2      | Found a snail-covered altar of Cheibriados.
  1013 | D:2      | Reached skill level 4 in Axes
  1112 | D:2      | Reached XP level 4. HP: 32/37 MP: 6/6
  1344 | D:2      | Found a shimmering altar of Xom.
  1837 | D:3      | Found a glowing drain.
  1849 | Sewer    | Entered a sewer
  2038 | Sewer    | Reached skill level 5 in Axes
  2042 | Sewer    | Reached XP level 5. HP: 36/42 MP: 7/7
  2585 | D:3      | Found a snail-covered altar of Cheibriados.
  2670 | D:3      | Noticed TrogTrogTrog's ghost (amateur GrMo)
  2881 | D:3      | Killed TrogTrogTrog's ghost
  2881 | D:3      | Reached skill level 6 in Axes
  2925 | D:3      | Noticed Natasha
  2928 | D:3      | Killed Natasha
  2928 | D:3      | Reached XP level 6. HP: 40/50 MP: 8/8
  3146 | D:3      | Noticed Natasha
  3153 | D:3      | Killed Natasha
  3511 | D:4      | Reached skill level 7 in Axes
  3866 | D:5      | Entered Level 5 of the Dungeon
  3918 | D:5      | Reached XP level 7. HP: 56/56 MP: 9/9
  4310 | D:5      | Reached skill level 8 in Axes
  4331 | D:5      | Found a staircase to the Ecumenical Temple.
  4591 | D:5      | Noticed Dowan
  4594 | D:5      | Noticed Duvessa
  4600 | D:5      | Killed Dowan
  4600 | D:5      | Reached skill level 9 in Axes
  4610 | D:5      | Killed Duvessa
  4610 | D:5      | Reached XP level 8. HP: 40/62 MP: 10/10
  4718 | D:5      | Got a faintly glowing amethyst amulet
  5307 | D:6      | Gained mutation: Armour fits poorly on your strangely shaped body. [mutagenic meat]
  5309 | D:6      | Identified the amulet "Qyhiecru" {Dismiss rF++ rN+ Int+2 Dex-5} (You found it on level 5 of the Dungeon)
  5348 | D:6      | HP: 1/62 [orc/falchion (4)]
  5349 | D:6      | Slain by an orc

Vault maps used:
D:1:      scummos_arrival_hexagon
D:2:      minmay_roachtagon, marbit_many_paths, old_standard_altar
D:3:      portal_sewer_entry_a, cheibriados_altar_wand_db, uniq_natasha
D:5:      first_bread, grunt_decor_clamped, uniq_blork_the_orc, uniq_duvessa
D:6:      uniq_prince_ribbit1
Sewer:    sewer_fruit_machine

Skill      XL: |  1  2  3  4  5  6  7 |
---------------+----------------------+-----
Axes           | 2 3 4 5 6 7 9 |  9.8
Fighting       | |  2.6
Armour         | |  2.6
Shields        | |  2.6

Action                   |  1- 3 |  4- 6 |  7- 9 || total
-------------------------+-------+-------+-------++-------
Melee: War axe           |   109 |   266 |   177 ||   552
  Use: Scroll            |       |    16 |     3 ||    19
  Eat: Chunk             |     1 |    10 |     6 ||    17
Armor: Scale mail        |    49 |   104 |       ||   153
       Plate armour      |       |    24 |    96 ||   120
Dodge: Dodged            |    35 |    78 |    14 ||   127
Block: Shield            |    59 |   193 |   104 ||   356
       Reflection        |       |     1 |       ||     1
